 Dungeon Crawl Stone Soup version 0.30.0-10-gfe55d96785 (webtiles) character file.

Game seed: 9565340732916320871

632 monsoonserge the Covert (level 7, 0/81 HPs)
             Began as a Spriggan Delver on May 15, 2023.
             Slain by a mummy (11 damage)
             ... in an ossuary.
             The game lasted 00:18:36 (3342 turns).

monsoonserge the Covert (Spriggan Delver)           Turns: 3342, Time: 00:18:37

Health: 0/81       AC: 30    Str:  8    XL:     7   Next: 24%
Magic:  8/8        EV:  4    Int: 12    God:
Gold:   186        SH:  4    Dex: 18    Spells: 6/6 levels left

rFire   + . .        d - +0 short sword (protect)
rCold   . . .        B - +0 buckler
rNeg    . . .        b - melded +0 robe
rPois   +            (helmet currently unavailable)
rElec   .            (cloak currently unavailable)
rCorr   .            (gloves unavailable)
SInv    +            (boots unavailable)
Will    +....        (no amulet) Stlth
                     y - ring of protection from fire
HPRegen 0.33/turn    (no ring)
MPRegen 0.11/turn

%: no passive effects
@: brilliant, berserking, tree-form, under a protective aura, attractive, very
quick
A: stationary, stasis, torment immunity, boosted hp, very small, no large
weapons, unfitting armour, see invisible, (speed 3)
a: no special abilities


You were in an ossuary.
You were a tree.
You visited 2 branches of the dungeon, and saw 5 of its levels.
You also visited: Sewer and Ossuary.

You collected 186 gold pieces.

Inventory:

Hand Weapons
 d - a +0 short sword of protection (weapon)
 E - a +0 dagger of electrocution
Missiles
 n - 9 poisoned darts (quivered)
Armour
 b - a +0 robe (melded)
 B - a +0 buckler (worn)
Magical Staves
 D - a staff of earth
Jewellery
 s - a ring of fire
 y - a ring of protection from fire (left branch)
Wands
 g - a wand of digging (1)
 v - a wand of roots (11)
Scrolls
 a - 7 scrolls of identify {unknown}
 c - 2 scrolls of fog
 e - 2 scrolls of fear
 j - 2 scrolls of vulnerability {unknown}
 k - 2 scrolls of teleportation {unknown}
 m - 2 scrolls of poison {unknown}
 p - 2 scrolls of brand weapon {unknown}
 q - a scroll of butterflies {unknown}
 w - a scroll of blinking {unknown}
 z - a scroll of immolation {unknown}
Potions
 f - a potion of haste
 h - 5 potions of curing
 i - 3 potions of lignification
 l - a potion of heal wounds {unknown}
 o - a potion of attraction
 r - a potion of magic
 t - a potion of flight {unknown}
 u - a potion of brilliance
 x - a potion of invisibility {unknown}
 A - a potion of berserk rage
 C - a potion of might {unknown}


   Skills:
 + Level 3.3 Fighting
 + Level 5.6 Short Blades
 + Level 5.0 Dodging
 + Level 9.9 Stealth
 + Level 1.0 Evocations


You had 6 spell levels left.
You didn't know any spells.
Your spell library contained the following spells:

 Spells                   Type           Power      Damage    Failure   Level
 Sublimation of Blood     Necr           0%         N/A       63%         2
 Tukima's Dance           Hex            0%         N/A       85%         3
 Passage of Golubria      Tloc           0%         N/A       99%         4
 Petrify                  Tmut/Erth      0%         N/A       99%         4
 Irradiate                Conj/Tmut      0%         3d11      100%        5
 Iskenderun's Battlesphe  Conj           0%         2d6       100%        5
 Yara's Violent Unravell  Hex/Tmut       0%         3d3       100%        5
 Iron Shot                Conj/Erth      0%         9d1       100%        6
 Spellforged Servitor     Conj/Summ      0%         N/A       100%        7


Dungeon Overview and Level Annotations

Branches:
Dungeon (6/15)             Temple (1/1) D:6           Sewer (visited)
Ossuary (1/1)

Altars:
Ashenzari
Cheibriados
Elyvilon
Fedhas
Hepliaklqana
Kikubaaqudgha
Makhleb
Nemelex Xobeh
Okawaru
Qazlal
Ru
Sif Muna
Vehumet
Wu Jian
Xom
Yredelemnul
Zin
The Shining One

Shops:
D:4 [

Annotations:
D:5 3 runed translucent doors, browni3141's ghost, novice OgCA


Innate Abilities, Weirdness & Mutations

You are a tree.
Your roots penetrate the ground, keeping you stationary.
You cannot be teleported.
You are immune to unholy pain and torment.
Your maximum health is greatly increased.
Your equipment is partially melded.
You are very small and have problems with some larger weapons.
You are too small for most types of armour.
You have supernaturally acute eyesight. (SInv)
((You cover ground extremely quickly. (Speed+++)))


Message History

You hit the mummy.
The mummy is severely damaged.
The mummy hits you but does no damage. You block the mummy's attack.
You hit the mummy.
The mummy is severely damaged.
The mummy hits you but does no damage.
You hit the mummy but do no damage.
The mummy is severely damaged.
The mummy hits you but does no damage. x2
You hit the mummy.
The mummy is almost destroyed.
You block the mummy's attack.
You hit the mummy.
The mummy is almost destroyed.
The mummy hits you but does no damage.
You hit the mummy.
You destroy the mummy!
The mummy hits you but does no damage. The mummy hits you.
* * * LOW HITPOINT WARNING * * *
Your Evocations skill increases to level 1!
It was a potion of attraction.
You feel attractive to monsters.
It was a potion of magic.
Magic courses through your body. You block the mummy's attack.
The mummy hits you but does no damage. x2
It was a potion of brilliance.
You feel clever all of a sudden. The mummy barely misses you.
It was a potion of berserk rage.
A red film seems to cover your vision as you go berserk!
You feel yourself moving faster!
You feel mighty!
The mummy hits you but does no damage. x2
You puncture the mummy!
The mummy is severely damaged.
The mummy barely misses you.
A mummy comes into view.
The mummy is attracted toward you.
You hit the mummy.
The mummy is almost destroyed.
The mummy hits you!
You die...

...##....##....
...........§...
..............
.........M..
#........#
#......# #...Z#
#..MM# #..M♣#
#....# #....#
#....# #....#
#....# #.∩∩.#
######


You could see 4 mummies and a gnoll zombie.

Vanquished Creatures
  A water moccasin (D:5)
  An ogre (D:6)
  A bullfrog (D:6)
  A scorpion (D:5)
  2 hounds
  An orc priest (D:5)
  An iguana (D:5)
  A sleepcap (D:6)
  3 mummies (Ossuary)
  5 adders
  2 gnolls (D:4)
  A river rat (Sewer)
  An ufetubus (D:5)
  10 orcs
  A bat (D:3)
  3 giant cockroaches
  2 hobgoblins (D:3)
  A kobold (D:3)
  4 ball pythons
  6 frilled lizards
  A hobgoblin zombie (Ossuary)
  3 kobold zombies (Ossuary)
  3 orc zombies (Ossuary)
  7 rats
62 creatures vanquished.

Vanquished Creatures (others)
  A goblin (D:4)
  A quokka (D:4)
2 creatures vanquished.

Grand Total: 64 creatures vanquished

Notes
Turn   | Place    | Note
-------+----------+-------------------------------------------
     0 | D:5      | monsoonserge the Spriggan Delver began the quest for the
                  | Orb.
     0 | D:5      | Reached XP level 1. HP: 11/11 MP: 2/2
     7 | D:5      | Noticed an orc priest
    41 | D:4      | Noticed a hound
    73 | D:4      | Noticed a steam dragon
    77 | D:4      | Reached XP level 2. HP: 16/16 MP: 3/3
    79 | D:4      | Reached skill level 8 in Stealth
   100 | D:4      | Found a radiant altar of Vehumet.
   144 | D:4      | Found a white marble altar of Elyvilon.
   275 | D:3      | Found a glowing drain.
   275 | D:3      | Found a basalt altar of Yredelemnul.
   327 | Sewer    | Entered a sewer
   375 | Sewer    | Reached XP level 3. HP: 14/19 MP: 4/4
   630 | Sewer    | Reached XP level 4. HP: 23/23 MP: 5/5
  1911 | D:4      | Found El's Dragon-Slaying Spoils.
  2086 | D:5      | Noticed a water moccasin
  2110 | D:5      | Killed a water moccasin
  2111 | D:5      | Reached XP level 5. HP: 17/28 MP: 6/6
  2243 | D:5      | Reached XP level 6. HP: 11/32 MP: 7/7
  2561 | D:5      | Reached skill level 9 in Stealth
  2742 | D:5      | Reached skill level 5 in Short Blades
  2746 | D:5      | Found a runed translucent gate.
  2746 | D:5      | Found a runed translucent gate.
  2746 | D:5      | Found a runed translucent gate.
  2747 | D:5      | Noticed browni3141's ghost (novice OgCA)
  3002 | D:6      | Found a staircase to the Ecumenical Temple.
  3010 | Temple   | Entered the Ecumenical Temple
  3113 | D:6      | Reached XP level 7. HP: 36/36 MP: 8/8
  3124 | D:6      | Found a burning altar of Makhleb.
  3219 | D:6      | Found a stormy altar of Qazlal.
  3260 | D:6      | Found a sand-covered staircase.
  3271 | Ossuary  | Entered an ossuary
  3324 | Ossuary  | Reached skill level 5 in Dodging
  3337 | Ossuary  | Reached skill level 1 in Evocations
  3342 | Ossuary  | Slain by a mummy

Illustrated notes

Levels and vault maps discovered:
D:3:      layout_loops_corners, lemuel_crystal_altar, portal_sewer_entry_a,
          chequers_serial_rivers_large_b, dk_vineyard_3, due_unseen_surprise
D:4:      layout_cave_pods, nicolae_vehumet_altar_sigil, elyvilon_altar_4,
          chequers_serial_rivers_micro_a, st_stairs_1,
          hangedman_abyss_or_decor_stagger, nicolae_shop_dragon_depot,
          chequers_decorated_corner, grunt_decor_cap
D:5:      layout_basic, gammafunk_ghost_nasty_kobolds
D:6:      layout_loops_ring, nicolae_qazlal_style_of_elements,
          mainiacjoe_overflow_alcove_1, minmay_temple_entry_statues_fountains,
          enter_ossuary_1
Temple:   dshaligram_water_room_temple
Ossuary:  ossuary_tomb_3

Skill      XL: |  1  2  3  4  5  6  7 |
---------------+----------------------+-----
Stealth        | 8 9 |  9.9
Dodging        | 3 4 5 |  5.0
Short Blades   | 3 4 5 |  5.6
Fighting       | 3 |  3.3
Evocations     | 1 |  1.0

Action                     |  1- 3 |  4- 6 |  7- 9 || total
---------------------------+-------+-------+-------++-------
  Melee: Short sword       |    70 |   139 |    62 ||   271
         Punch             |     1 |       |       ||     1
  Throw: Dart              |       |     2 |       ||     2
  Evoke: Wand              |       |     2 |     1 ||     3
    Use: Scroll            |     1 |     1 |       ||     2
         Potion            |       |       |     6 ||     6
   Stab: Sleeping          |    10 |    11 |       ||    21
 Armour: Robe              |     7 |    23 |    11 ||    41
         Skin              |       |       |    22 ||    22
  Dodge: Dodged            |    60 |    92 |    53 ||   205
  Block: Buckler           |       |     3 |    18 ||    21
